 Dungeon Crawl Stone Soup version 0.28.0-53-g5a82cb258f (webtiles) character file.

Game seed: 7597869714683163798

88 Atelerd the Digger (level 4, -2/27 HPs)
             Began as an Octopode Earth Elementalist on June 7, 2022.
             Slain by an iguana (14 damage)
             ... on level 3 of the Dungeon.
             The game lasted 00:01:32 (2627 turns).

Atelerd the Digger (Octopode Earth Elementalist)    Turns: 2627, Time: 00:01:33

Health: -2/27      AC:  1    Str:  7    XL:     4   Next: 54%
Magic:  4/8        EV: 13    Int: 19    God:
Gold:   73         SH:  0    Dex: 12    Spells: 4/8 levels left

rFire   . . .      SeeInvis .   c - +0 short sword
rCold   . . .      Faith    .   (no shield)
rNeg    . . .      Spirit   .   (helmet restricted)
rPois   .          Reflect  .   (no amulet)
rElec   .          Harm     .   (no ring)
rCorr   .          Rampage  .   (no ring)
Will    .....                   (no ring)
Stlth   +++.......              (no ring)
HPRegen 0.09/turn               (no ring)
MPRegen 0.11/turn               (no ring)
                                (no ring)
                                (no ring)

@: no status effects
A: almost no armour, amphibious, 8 rings, camouflage 1, gelatinous body 1,
(nimble swimmer 1), tentacles
a: no special abilities


You were on level 3 of the Dungeon.
You visited 1 branch of the dungeon, and saw 3 of its levels.

You collected 73 gold pieces.

Inventory:

Hand Weapons
 c - a +0 short sword (weapon)
Missiles
 b - 18 stones
Scrolls
 d - a scroll of identify {unknown}
 g - a scroll of enchant weapon {unknown}
Potions
 a - a potion of flight {unknown}
 e - a potion of mutation {unknown}
 f - a potion of ambrosia {unknown}
 h - a potion of heal wounds


   Skills:
 + Level 0.6 Fighting
 + Level 2.1 Short Blades
 - Level 2.0 Dodging
 - Level 2.6 Stealth
 + Level 0.4 Unarmed Combat
 + Level 2.7 Spellcasting
 + Level 1.0 Transmutations
 + Level 3.8 Earth Magic


You had 4 spell levels left.
You knew the following spells:

 Your Spells              Type           Power      Damage    Failure   Level
a - Sandblast             Erth           34%        2d9       3%          1
b - Stone Arrow           Conj/Erth      18%        3d8       22%         3

Your spell library contained the following spells:

 Spells                   Type           Power      Damage    Failure   Level
 Passwall                 Tmut/Erth      9%         N/A       9%          2
 Sublimation of Blood     Necr           2%         N/A       24%         2
 Petrify                  Tmut/Erth      11%        N/A       50%         4
 Irradiate                Conj/Tmut      2%         3d14      98%         5


Dungeon Overview and Level Annotations

Branches:
Dungeon (3/15)

Altars:
Ru

Annotations:
D:1 exclusion: downstairs
D:2 1 runed translucent door, Crazy Yiuf


Innate Abilities, Weirdness & Mutations

You cannot wear most types of armour.
You are amphibious.
You can wear up to eight rings at the same time.
Your skin changes colour to match your surroundings (Stealth+).
Your rubbery body absorbs attacks. (AC +1, EV +1)
((You are camouflaged when in or above water. (Stealth+)))
You have tentacles for arms and can constrict up to eight enemies at once.


Message History

You see here a hobgoblin corpse.
You hit the quokka.
You kill the quokka!
There are monsters nearby!
There are monsters nearby!
There are monsters nearby!
The rat barely misses you.
There are monsters nearby!
You hit the rat but do no damage. You grab the rat. You constrict the rat.
The rat bites you.
There are monsters nearby!
You hit the rat.
You kill the rat!
An iguana is nearby!
The helpless iguana fails to defend itself.
You hit the iguana. Your grab misses the iguana.
Your squeeze misses the iguana.
The iguana is moderately wounded.
The iguana barely misses you.
The blast of sand hits the iguana but does no damage.
The iguana is moderately wounded.
The iguana barely misses you.
Unknown command.
The blast of sand hits the iguana.
The iguana is heavily wounded.
The iguana barely misses you.
The blast of sand hits the iguana but does no damage.
The iguana is heavily wounded.
The iguana bites you!
You are too injured to fight recklessly!
Casting: Sandblast (safe; 3% risk of failure)
Confirm with . or Enter, or press ? or * to list all spells.
Aiming: Sandblast (safe; 3% risk of failure)
Press: ? - help, Shift-Dir - straight line, f/p - iguana
Aim: an iguana (heavily wounded, 82% to hit)
The blast of sand hits the iguana.
The iguana is severely wounded.
The iguana bites you!
Ouch! That really hurt!
You die...

###.....#..##
###.........#
....#.#†#.#.#
......†.....#
##..#.#.#.#.#
#..........# #
#..#.#.#.#.#.###
##.............#
#.#.#.#@#..##.#
#.....l....#
#####..##..#
##.# ### #.# #.
#. #.


You could see an iguana.

Vanquished Creatures
  4 gnolls (D:2)
  A worm (D:2)
  A dart slug (D:1)
  An endoplasm (D:2)
  A giant cockroach (D:1)
  3 goblins
  5 hobgoblins
  4 jackals (D:2)
  2 quokkas
  6 ball pythons
  5 bats
  A frilled lizard (D:2)
  4 kobolds (D:1)
  4 rats
42 creatures vanquished.

Vanquished Creatures (others)
  A fungus (D:2)
  2 plants (D:1)
  5 withered plants (D:1)
8 creatures vanquished.

Grand Total: 50 creatures vanquished

Notes
Turn   | Place    | Note
-------+----------+-------------------------------------------
     0 | D:1      | Atelerd the Octopode Earth Elementalist began the quest for
                  | the Orb.
     0 | D:1      | Reached XP level 1. HP: 11/11 MP: 3/3
   419 | D:1      | Found a faded altar of an unknown god.
   455 | D:1      | Reached XP level 2. HP: 7/17 MP: 3/5
  1365 | D:1      | Reached XP level 3. HP: 4/21 MP: 4/6
  1641 | D:1      | Learned a level 3 spell: Stone Arrow
  1667 | D:2      | Reached skill level 1 in Short Blades
  2027 | D:2      | Found a sacrificial altar of Ru.
  2189 | D:2      | Found a runed translucent door.
  2190 | D:2      | Noticed Crazy Yiuf
  2242 | D:2      | Reached XP level 4. HP: 26/27 MP: 2/7
  2627 | D:3      | Slain by an iguana

Illustrated notes

Levels and vault maps discovered:
D:1:      minmay_arrival_arboretum_large, layout_basic,
          ebering_ecumenical_altar_petrified, serial_forest,
          infiniplex_forest_pool, infiniplex_forest_lined_room_,
          infiniplex_forest_clump_small, infiniplex_forest_clump_large,
          infiniplex_forest_clump_curved, infiniplex_forest_zigzag_1
D:2:      layout_loops_ring, basic_altar, uniq_crazy_yiuf_cottage
D:3:      cheibrodos_old_hovel, layout_rooms,
          mainiacjoe_overflow_six_doors_small, zin_purify,
          serial_co_window_serial, co_window_paths_a, co_window_paths_a,
          co_window_paths_a, co_window_paths_a, co_window_paths_a,
          co_window_of_opportunity_b, co_window_unsneaky_path_c,
          co_window_2corner, co_window_unsneaky_path_a, co_window_paths_c,
          co_window_broadway_a, co_window_paths_e, glass_columns_b,
          glass_columns_c, glass_columns_a, glass_columns_a, serial_shops,
          shop_statue, uniq_natasha

Skill      XL: |  1  2  3  4 |
---------------+-------------+-----
Short Blades   | 1 2 |  2.1
Fighting       | |  0.6
Dodging        | |  2.0
Stealth        | |  2.6
Unarmed Combat | |  0.4
Spellcasting   | |  2.7
Transmutations | |  1.0
Earth Magic    | |  3.8

Action                   |  1- 3 |  4- 6 || total
-------------------------+-------+-------++-------
Melee: Unarmed           |     5 |       ||     5
       Short sword       |    49 |     8 ||    57
       Tentacles         |    14 |     1 ||    15
       Constrict         |    14 |     2 ||    16
 Cast: Sandblast         |    19 |     9 ||    28
 Stab: Sleeping          |    10 |     3 ||    13
Armor: Skin              |     4 |       ||     4
Dodge: Dodged            |    42 |     7 ||    49
